 Dungeon Crawl Stone Soup version 0.28-a0-422-gd71735cc25 (webtiles) character file.

Game seed: 14354726464873184736

452 robertstho the Magician (level 7, -10/49 HPs)
             Began as a Djinni Fire Elementalist on Sept 8, 2021.
             Shot with an arrow by a centaur (13 damage)
             ... on level 4 of the Dungeon.
             The game lasted 00:03:38 (3573 turns).

robertstho the Magician (Djinni Fire Elementalist)  Turns: 3573, Time: 00:03:38

Health: -10/49     AC:  2    Str:  7    XL:     7   Next: 25%
Gold:   218        EV: 12    Int: 18    God:
                   SH:  0    Dex: 14

rFire   + + .      SeeInvis .   i - +2 dagger (vamp)
rCold   x . .      Faith    .   (no shield)
rNeg    . . .      Spirit   .   a - +0 robe
rPois   ∞          Reflect  .   (no helmet)
rElec   .          Harm     .   f - scarf {+Inv}
rCorr   .          Rampage  .   (no gloves)
Will    .....                   (boots unavailable)
Stlth   ++........              (no amulet)
HPRegen 0.16/turn               (no ring)
MPRegen 0.00/turn               (no ring)

@: flying
A: sickness immunity, fire resistance 2, cold vulnerability 1, float, innate
caster, hp casting, extra vitality 1
a: Evoke Invisibility


You were on level 4 of the Dungeon.
You visited 1 branch of the dungeon, and saw 4 of its levels.

You collected 238 gold pieces.
You spent 20 gold pieces at shops.

Inventory:

Hand Weapons
 i - a +2 vampiric dagger (weapon)
Armour
 a - a +0 robe (worn)
 f - a scarf of invisibility (worn)
Jewellery
 m - an amulet of regeneration
Wands
 h - a wand of polymorph (10)
Scrolls
 b - 4 scrolls of teleportation
 c - a scroll of enchant armour {unknown}
 e - 2 scrolls of fog {unknown}
 j - 3 scrolls of identify
Potions
 d - a potion of attraction {unknown}
 g - a potion of resistance {unknown}
 k - 2 potions of curing {unknown}
 l - a potion of brilliance {unknown}


   Skills:
 * Level 2.1 Fighting
 + Level 2.6 Dodging
 + Level 2.3 Stealth
 * Level 5.3 Spellcasting


You couldn't memorise any spells.
You knew the following spells:

 Your Spells              Type           Power      Damage    Failure   Level
a - Foxfire               Conj/Fire      92%        2x1d8     1%          1
b - Scorch                Fire           46%        2d7       2%          2
c - Conjure Flame         Conj/Fire      23%        6-21      4%          3
d - Inner Flame           Hex/Fire       23%        N/A       4%          3
e - Flame Wave            Conj/Fire      23%        3d6       14%         4
f - Sting                 Tmut/Pois      92%        1d7       1%          1
g - Searing Ray           Conj           46%        2d6       2%          2
h - Stone Arrow           Conj/Erth      46%        3d9       4%          3
Your spell library was empty.

Dungeon Overview and Level Annotations

Branches:
Dungeon (4/15)
 Temple: D:4-7

Altars:
Hepliaklqana
Uskayaw

Shops:
D:1 ?   D:2 [

Annotations:
D:2 Armour shop


Innate Abilities, Weirdness & Mutations

You are immune to sickness and miasma.
You are immune to poison.
Your flesh is very heat resistant. (rF++)
You are vulnerable to cold. (rC-)
You float through the air rather than walking.
You learn spells naturally, not from books.
Your magical power is your life essence.
You have superior vitality. (+4 HP)


Message History

Press: ? - help, Q - select action, (/) - cycle Dir - look around, f - activate You conjure some foxfire!
The foxfire hits the centaur.
The centaur is moderately wounded.
The foxfire hits the howler monkey!
The howler monkey is severely wounded.
An adder comes into view.
The howler monkey hits you!
Casting: Foxfire (safe; 1% risk of failure)
Press: ? - help, Q - select action, (/) - cycle Dir - look around, f - activate You conjure some foxfire!
The foxfire hits the howler monkey.
The howler monkey is almost dead.
The foxfire hits the howler monkey!
You kill the howler monkey!
The centaur unwields a +0 shortbow.
The centaur closely misses you. The centaur barely misses you.
An ogre comes into view. It is wielding a +0 giant club.
Casting: Foxfire (safe; 1% risk of failure)
Press: ? - help, Q - select action, (/) - cycle Dir - look around, f - activate You conjure some foxfire!
The foxfire hits the centaur.
The centaur is heavily wounded.
The foxfire hits the centaur.
The centaur is severely wounded.
The centaur barely misses you. The centaur misses you.
The foxfire hits the adder.
The adder is heavily wounded.
The centaur barely misses you. The centaur closely misses you.
Your magical contamination has completely faded away.
The foxfire hits the adder!
You kill the adder!
The centaur wields a +0 shortbow.
The centaur shoots an arrow.
The arrow hits you!
The centaur shoots an arrow.
The arrow hits you!
* * * LOW HITPOINT WARNING * * *
The centaur shoots an arrow.
The arrow hits you.
* * * LOW HITPOINT WARNING * * *
The centaur shoots an arrow.
The arrow hits you!
You die...

....##.##### ##
#.........### ...###.#
#..#####..... ... ....#
#..#####)#### .. ##.#..#
##........# ####..####
#...###÷###
#....######.#.###..#
#...##...(........#
#..##.####'###...#
#..##@#.⌠.⌠####..##
#.....#....##.##†.#
.##.###O....#.._.#...8..#
.....n†.....#....#......#
.....†.c....#....#......#
###.........#.._.#...8..####
#.........#... ##.##......
...........# ###..#####
####........# #...#


You could see an ogre, a necrophage and a centaur.

Vanquished Creatures
  An ice beast (D:4)
  A howler monkey (D:4)
  A centaur skeleton (D:4)
  2 hounds (D:4)
  An iguana (D:4)
  4 orc wizards
  4 adders (D:4)
  An adder skeleton (D:4)
  3 worms
  A dart slug (D:1)
  8 orcs
  5 endoplasms
  4 goblins
  2 hobgoblins
  2 jackals (D:1)
  5 quokkas
  5 ball pythons
  2 bats
  A frilled lizard (D:1)
  2 kobolds
55 creatures vanquished.

Vanquished Creatures (others)
  282 foxfires
282 creatures vanquished.

Grand Total: 337 creatures vanquished

Notes
Turn   | Place    | Note
-------+----------+-------------------------------------------
     0 | D:1      | robertstho the Djinni Fire Elementalist began the quest for
                  | the Orb.
     0 | D:1      | Reached XP level 1. HP: 15/15 MP: 0/0
   388 | D:1      | Reached XP level 2. HP: 15/22 MP: 0/0
   655 | D:1      | Found a faded altar of an unknown god.
   896 | D:1      | Found Tellomm's Magic Scroll Shoppe.
   900 | D:1      | Bought a scroll of identify for 20 gold pieces
  1118 | D:2      | Found Tydwu's Antique Armour Shop.
  1803 | D:3      | Reached skill level 3 in Spellcasting
  1805 | D:3      | Reached XP level 3. HP: 17/26 MP: 0/0
  1805 | D:3      | Learned a level 1 spell: Sting
  1809 | D:3      | Reached skill level 1 in Fighting
  1812 | D:3      | Reached XP level 4. HP: 14/32 MP: 0/0
  2484 | D:3      | Reached XP level 5. HP: 15/37 MP: 0/0
  2484 | D:3      | Learned a level 2 spell: Searing Ray
  2841 | D:4      | Reached skill level 4 in Spellcasting
  2936 | D:4      | Reached XP level 6. HP: 33/42 MP: 0/0
  3038 | D:4      | Noticed an ice beast
  3044 | D:4      | Killed an ice beast
  3383 | D:4      | Found a hide-covered altar of Uskayaw.
  3385 | D:4      | Found a hazy altar of Hepliaklqana.
  3408 | D:4      | Reached skill level 5 in Spellcasting
  3444 | D:4      | Reached XP level 7. HP: 45/49 MP: 0/0
  3444 | D:4      | Learned a level 3 spell: Stone Arrow
  3571 | D:4      | HP: 2/49 [centaur/arrow (4)]
  3573 | D:4      | Shot with an arrow by a centaur

Illustrated notes

Levels and vault maps discovered:
D:1:      dpeg_arrival_arbitrary_b, layout_loops_ring, serial_shops, shop,
          hellmonk_ecumenical_altar_pennies_from_heaven
D:2:      layout_basic, serial_shops,
          nicolae_shop_temple_entry_statues_fountains
D:3:      layout_rooms
D:4:      layout_rooms, jmf_multi_god_temple, minmay_ruined_shrine

Skill      XL: |  1  2  3  4  5  6 |
---------------+-------------------+-----
Spellcasting   | 3 4 5 |  5.3
Fighting       | 1 2 |  2.1
Stealth        | 2 |  2.3
Dodging        | |  2.6

Action                   |  1- 3 |  4- 6 |  7- 9 || total
-------------------------+-------+-------+-------++-------
 Cast: Foxfire           |    54 |   112 |     8 ||   174
  Use: Scroll            |     1 |       |       ||     1
Dodge: Dodged            |     2 |     4 |     6 ||    12

Table legend: (Time is in decaauts)
 A = Elapsed time spent in this place.
 B = Non-inter-level travel time spent in this place.
 C = Inter-level travel time spent in this place.
 D = Time resting spent in this place.
 E = Time spent auto-exploring this place.
 F = Levels seen in this place.
 G = Mean time per level.
                   A        B        C        D        E       F      G
               +--------+--------+--------+--------+--------+-----+--------+
         Total |   3571 |   3507 |     64 |    238 |   2910 |   4 |  892.8 |
       Dungeon |   3571 |   3507 |     64 |    238 |   2910 |   4 |  892.8 |
               +--------+--------+--------+--------+--------+-----+--------+

Top non-repeatable levels by time:
     D:3: 1130 daAuts
     D:1: 1078 daAuts
     D:4: 744 daAuts
     D:2: 618 daAuts
